 Dungeon Crawl Stone Soup version 0.27.1-1-g398f81649c (webtiles) character file.

Game seed: 3635943625692149622

93 nxtlvl the Ruffian (level 4, -7/35 HPs)
             Began as a Minotaur Transmuter on Sept 18, 2021.
             Mangled by a hornet zombie (9 damage)
             ... on level 3 of the Dungeon.
             The game lasted 00:05:52 (772 turns).

nxtlvl the Ruffian (Minotaur Transmuter)             Turns: 772, Time: 00:05:52

Health: -7/35      AC: 11    Str: 16    XL:     4   Next: 36%
Magic:  5/5        EV:  7    Int: 10    God:
Gold:   78         SH:  0    Dex: 10    Spells: 4/5 levels left

rFire    + . .     SeeInvis .     - Unarmed
rCold    + . .     Faith    .   (no shield)
rNeg     . . .     Spirit   .   c - +0 chain mail
rPois    +         Reflect  .   (helmet restricted)
rElec    +         Harm     .   (no cloak)
rCorr    +         Rampage  +   (no gloves)
Will     .....                  d - +2 pair of boots {rampage}
Stlth    ..........             (no amulet)
HPRegen  0.11/turn              (no ring)
MPRegen  0.09/turn              (no ring)

@: resistant
A: horns 2, retaliatory headbutt
a: no special abilities


You were on level 3 of the Dungeon.
You visited 1 branch of the dungeon, and saw 3 of its levels.

You collected 78 gold pieces.

Inventory:

Missiles
 a - 17 bolts
 e - 31 poisoned darts (quivered)
Armour
 c - a +0 chain mail (worn)
 d - a +2 pair of boots of rampaging (worn)
Scrolls
 b - a scroll of teleportation {unknown}


   Skills:
 - Level 1.2 Fighting
 - Level 2.1 Dodging
 * Level 5.7 Unarmed Combat
 - Level 1.3 Spellcasting
 - Level 1.5 Transmutations


You had 4 spell levels left.
You knew the following spells:

 Your Spells              Type           Power      Damage    Failure   Level
a - Beastly Appendage     Tmut           6%         N/A       98%         1

Your spell library contained the following spells:

 Spells                   Type           Power      Damage    Failure   Level
 Wereblood                Tmut           3%         N/A       99%         2
 Blink                    Tloc           N/A        N/A       100%        2
 Spider Form              Tmut/Pois      1%         N/A       100%        3
 Ice Form                 Ice/Tmut       2%         N/A       100%        4
 Manifold Assault         Tloc           0%         N/A       100%        5
 Storm Form               Tmut/Air       1%         N/A       100%        7
 Borgnjor's Revivificati  Necr           0%         N/A       100%        8
 Necromutation            Tmut/Necr      1%         N/A       100%        8
 Death's Door             Necr           0%         N/A       100%        9


Dungeon Overview and Level Annotations

Branches:
Dungeon (3/15)

Altars:
Elyvilon
Jiyva


Innate Abilities, Weirdness & Mutations

You have a pair of horns on your head.
You reflexively headbutt those who attack you in melee.


Message History

You barely miss the hornet zombie. Your headbutt misses the hornet zombie.
The hornet zombie is moderately damaged.
The hornet zombie hits you.
The hornet zombie hits you but does no damage.
You hit the hornet zombie but do no damage.
Your headbutt misses the hornet zombie.
The hornet zombie is moderately damaged.
The hornet zombie hits you but does no damage.
You hit the hornet zombie but do no damage.
You headbutt the hornet zombie, but do no damage.
The hornet zombie is moderately damaged.
The hornet zombie barely misses you.
It was a potion of resistance.
You feel protected.
The hornet zombie hits you but does no damage.
You hit the hornet zombie but do no damage.
The hornet zombie is moderately damaged.
The hornet zombie hits you but does no damage.
You closely miss the hornet zombie. Your headbutt misses the hornet zombie.
The hornet zombie is moderately damaged.
The hornet zombie completely misses you.
The hornet zombie hits you.
You hit the hornet zombie. You headbutt the hornet zombie.
The hornet zombie is heavily damaged.
The hornet zombie completely misses you.
You hit the hornet zombie.
The hornet zombie is heavily damaged.
The hornet zombie hits you.
* * * LOW HITPOINT WARNING * * *
You punch the hornet zombie! You headbutt the hornet zombie.
The hornet zombie is almost destroyed.
The hornet zombie hits you!
* * * LOW HITPOINT WARNING * * *
You hit the hornet zombie.
The hornet zombie is almost destroyed.
The hornet zombie hits you but does no damage.
You punch the hornet zombie!
The hornet zombie is almost destroyed.
The hornet zombie hits you!
You die...

#.# #. #........#...# #.#
#. ##....#..#.⌠.# #.# #.
........#...# #.#
##########.## #.# #.#
#.######## #### ##.## ####
#........#
###...###...###...
#..#####.#
#.Z.⌠....._.....⌠. #..#
#.# #@# ..###...###...
#..# #.# #.# ##.## ####
#..# # #.# ###.## #.#
#..#.# #<# #....# ##.##
##..#.# #.# #....# #...#
#.....# #.###....## #.⌠.#
###.### #.........# #...#
#.....#.#######.######.##
################.#<......#


You could see a hornet zombie.

Vanquished Creatures
  3 gnolls (D:3)
  3 adders
  An orc (D:2)
  2 ball pythons
  6 endoplasms
  3 giant cockroaches (D:2)
  2 goblins (D:1)
  3 hobgoblins
  A quokka (D:3)
  3 bats
  2 frilled lizards
  3 kobolds
  5 rats
37 creatures vanquished.

Notes
Turn   | Place    | Note
-------+----------+-------------------------------------------
     0 | D:1      | nxtlvl the Minotaur Transmuter began the quest for the Orb.
     0 | D:1      | Reached XP level 1. HP: 16/16 MP: 1/1
    67 | D:1      | Found a viscous altar of Jiyva.
    67 | D:1      | Noticed a jelly
    67 | D:1      | Noticed a jelly
    73 | D:1      | Reached XP level 2. HP: 10/23 MP: 3/3
    74 | D:1      | Reached skill level 4 in Unarmed Combat
   101 | D:1      | HP: 1/23 [constriction (1)]
   352 | D:2      | Reached XP level 3. HP: 20/28 MP: 4/4
   469 | D:3      | Reached skill level 5 in Unarmed Combat
   508 | D:3      | Reached XP level 4. HP: 29/35 MP: 5/5
   637 | D:3      | Found a white marble altar of Elyvilon.
   772 | D:3      | Mangled by a hornet zombie

Illustrated notes

Levels and vault maps discovered:
D:1:      erik_arrival_cave_to_civilisation [erik_arrival_cave_to_temple],
          layout_loops_ring, shapermc_ecumenical_altar_starsandcircs,
          chequers_serial_rivers_room_b, minmay_tetromino_t4
D:2:      minmay_recursive_quarters, layout_basic
D:3:      layout_basic, fedhas_altar_1, grunt_gozag_breadcrumbs,
          elyvilon_altar_1

Skill      XL: |  1  2  3 |
---------------+----------+-----
Unarmed Combat | 4 5 |  5.7
Fighting       | |  1.2
Dodging        | |  2.1
Spellcasting   | |  1.3
Transmutations | |  1.5

Action                   |  1- 3 |  4- 6 || total
-------------------------+-------+-------++-------
Melee: Unarmed           |    72 |    29 ||   101
       Headbutt          |    11 |     7 ||    18
       Kick              |     1 |       ||     1
Throw: Dart              |    13 |     4 ||    17
 Cast: Beastly Appendage |     5 |       ||     5
  Use: Potion            |     2 |     1 ||     3
Armor: Robe              |     2 |       ||     2
       Chain mail        |    14 |    13 ||    27
Dodge: Dodged            |    26 |     7 ||    33
